 Dungeon Crawl Stone Soup version 0.28-a0-514-g0d7ab7f379 (webtiles) character file.

Game seed: 1093031801533550695

1711 robertstho the Thaumaturge (level 9, -7/61 HPs)
             Began as a Djinni Fire Elementalist on Sept 22, 2021.
             Mangled by Harold (16 damage)
             ... on level 7 of the Dungeon.
             The game lasted 00:08:34 (8538 turns).

robertstho the Thaumaturge (DjFE)                   Turns: 8538, Time: 00:08:36

Health: -7/61      AC:  2    Str:  7    XL:     9   Next: 24%
Gold:   181        EV: 12    Int: 20    God:
                   SH:  3    Dex: 14

rFire   + + .      SeeInvis .   s - +2 dagger (venom)
rCold   x . .      Faith    .   o - +0 buckler
rNeg    . . .      Spirit   .   a - +0 robe
rPois   ∞          Reflect  .   (no helmet)
rElec   .          Harm     .   (no cloak)
rCorr   .          Rampage  .   (no gloves)
Will    .....                   (boots unavailable)
Stlth   ++........              (no amulet)
HPRegen 0.20/turn               u - ring of wizardry
MPRegen 0.00/turn               (no ring)

@: flying
A: sickness immunity, fire resistance 2, cold vulnerability 1, float, innate
caster, hp casting, extra vitality 1
a: no special abilities


You were on level 7 of the Dungeon.
You visited 1 branch of the dungeon, and saw 7 of its levels.

You collected 181 gold pieces.

Inventory:

Hand Weapons
 n - a +0 short sword
 s - a +2 dagger of venom (weapon)
Armour
 a - a +0 robe (worn)
 o - a +0 buckler (worn)
Jewellery
 u - a ring of wizardry (left hand)
 w - a ring of resist corrosion
Wands
 v - a wand of iceblast (12)
Scrolls
 c - 2 scrolls of amnesia {unknown}
 d - a scroll of immolation
 f - 5 scrolls of fear {unknown}
 j - a scroll of magic mapping {unknown}
 k - 3 scrolls of identify
 l - 6 scrolls of enchant armour {unknown}
 m - a scroll of brand weapon
 q - 4 scrolls of teleportation
 t - a scroll of silence {unknown}
 x - a scroll of blinking {unknown}
Potions
 b - 2 potions of lignification
 e - 2 potions of heal wounds
 g - 2 potions of brilliance {unknown}
 h - 2 potions of haste {unknown}
 i - 2 potions of attraction {unknown}
 p - a potion of degeneration {unknown}
 r - 2 potions of might {unknown}


   Skills:
 * Level 3.2 Fighting
 + Level 0.1 Short Blades
 + Level 3.1 Dodging
 + Level 2.5 Stealth
 + Level 0.4 Shields
 * Level 8.2 Spellcasting


You had 3 spell levels left.
You knew the following spells:

 Your Spells              Type           Power      Damage    Failure   Level
a - Foxfire               Conj/Fire      100%       2x1d9     1%          1
b - Scorch                Fire           82%        2d9       1%          2
c - Conjure Flame         Conj/Fire      41%        6-21      1%          3
d - Inner Flame           Hex/Fire       41%        N/A       1%          3
e - Flame Wave            Conj/Fire      41%        3d8       1%          4
f - Summon Small Mammal   Summ           100%       N/A       1%          1
g - Call Imp              Summ           41%        N/A       1%          2
h - Searing Ray           Conj           82%        2d7       1%          2
i - Summon Guardian Gole  Hex/Summ       41%        N/A       1%          3
Your spell library was empty.

Dungeon Overview and Level Annotations

Branches:
Dungeon (7/15)
 Temple: D:4-7

Altars:
Cheibriados
Makhleb

Annotations:
D:7 Harold


Innate Abilities, Weirdness & Mutations

You are immune to sickness and miasma.
You are immune to poison.
Your flesh is very heat resistant. (rF++)
You are vulnerable to cold. (rC-)
You float through the air rather than walking.
You learn spells naturally, not from books.
Your magical power is your life essence.
You have superior vitality. (+4 HP)


Message History

The foxfire hits Harold but does no damage.
Harold is moderately wounded.
The foxfire hits Harold but does no damage.
Harold is moderately wounded.
Casting: Foxfire (safe; 1% risk of failure)
Press: ? - help, Q - select action, (/) - cycle Dir - look around, f - activate You conjure some foxfire!
The foxfire hits Harold.
Harold is moderately wounded.
Unknown command.
Casting: Foxfire (safe; 1% risk of failure)
Press: ? - help, Q - select action, (/) - cycle Dir - look around, f - activate You conjure some foxfire!
The foxfire hits Harold but does no damage.
Harold is moderately wounded.
The foxfire hits Harold.
Harold is moderately wounded.
Harold hits you with a +0 dire flail.
Casting: Foxfire (safe; 1% risk of failure)
Confirm with . or Enter, or press ? or * to list all spells.
Casting: Flame Wave (dangerous; 1% risk of failure)
Press: ? - help, Dir - look around, f - activate A wave of flame ripples out!
The flame wave engulfs your foxfire.
Your foxfire completely resists.
The flame wave engulfs your foxfire.
Your foxfire completely resists.
The flame wave engulfs Harold!
Harold is heavily wounded. (Press . to intensify the flame waves.)
The foxfire hits Harold.
Harold is heavily wounded.
Harold hits you with a +0 dire flail!!
* * * LOW HITPOINT WARNING * * *
A wave of flame ripples out!
The flame wave engulfs your foxfire.
Your foxfire completely resists.
The flame wave engulfs Harold!
Harold is heavily wounded.
* * * LOW HITPOINT WARNING * * *
Harold hits you with a +0 dire flail!
You die...

... .. #.. .
.##.. #..
...... ....
#...# ....#
#...v##.....#
#@.......
.......@)......
..##.##).......
.. .).......
... ..##.....
.. .... #.... .
?... #..# ..###
:..


You could see Harold (ally target).

Vanquished Creatures
  An ice beast (D:6)
  A black bear (D:6)
  3 ogres
  A phantom (D:4)
  A kobold brigand (D:7)
  5 scorpions
  A water moccasin zombie (D:5)
  A wyvern skeleton (D:5)
  A howler monkey (D:5)
  2 centaur zombies
  5 hounds
  2 orc priests (D:6)
  A bullfrog skeleton (D:5)
  5 orc wizards
  A howler monkey skeleton (D:5)
  A howler monkey zombie (D:4)
  3 gnolls (D:6)
  6 adders
  An ufetubus (D:6)
  4 worms
  3 dart slugs (D:2)
  30 orcs
  5 ball pythons
  7 endoplasms
  9 giant cockroaches
  3 goblins
  8 hobgoblins
  4 quokkas
  10 bats
  5 frilled lizards
  11 kobolds
  5 rats
146 creatures vanquished.

Vanquished Creatures (others)
  604 foxfires
604 creatures vanquished.

Grand Total: 750 creatures vanquished

Notes
Turn   | Place    | Note
-------+----------+-------------------------------------------
     0 | D:1      | robertstho the Djinni Fire Elementalist began the quest for
                  | the Orb.
     0 | D:1      | Reached XP level 1. HP: 15/15 MP: 0/0
   392 | D:1      | Reached XP level 2. HP: 16/21 MP: 0/0
   993 | D:1      | Found a faded altar of an unknown god.
  1486 | D:1      | Reached skill level 3 in Spellcasting
  1618 | D:1      | Reached XP level 3. HP: 19/25 MP: 0/0
  1618 | D:1      | Learned a level 1 spell: Summon Small Mammal
  2811 | D:2      | Reached XP level 4. HP: 26/31 MP: 0/0
  3670 | D:3      | Found a snail-covered altar of Cheibriados.
  4323 | D:3      | Reached XP level 5. HP: 30/36 MP: 0/0
  4323 | D:3      | Learned a level 2 spell: Call Imp
  4330 | D:3      | Reached skill level 4 in Spellcasting
  4646 | D:4      | Noticed a phantom
  4652 | D:4      | Killed a phantom
  4653 | D:4      | Reached skill level 1 in Fighting
  4653 | D:4      | Reached XP level 6. HP: 37/42 MP: 0/0
  5092 | D:4      | Found a burning altar of Makhleb.
  5414 | D:4      | Reached skill level 5 in Spellcasting
  5767 | D:5      | Entered Level 5 of the Dungeon
  5872 | D:5      | Reached XP level 7. HP: 40/47 MP: 0/0
  5872 | D:5      | Learned a level 2 spell: Searing Ray
  6310 | D:5      | Reached skill level 6 in Spellcasting
  6519 | D:5      | Reached XP level 8. HP: 27/55 MP: 0/0
  7492 | D:6      | Reached skill level 7 in Spellcasting
  8061 | D:6      | Reached XP level 9. HP: 48/59 MP: 0/0
  8061 | D:6      | Learned a level 3 spell: Summon Guardian Golem
  8316 | D:6      | Reached skill level 8 in Spellcasting
  8525 | D:7      | Noticed Harold
  8538 | D:7      | Mangled by Harold

Illustrated notes

Levels and vault maps discovered:
D:1:      grunt_arrival_lava_bath, layout_basic,
          hellmonk_ecumenical_altar_blasted
D:2:      layout_loops_ring
D:3:      layout_basic, slow_altar_1, kennysheep_generic_room_11
D:4:      layout_gridville, makhleb_heckhound_becter, portal_sewer_entry_f,
          minmay_misc_feat_diagonals, grunt_ministairs_2
D:5:      layout_loops_ring, hangedman_abyss_or_decor_passed
D:6:      layout_gridville, minivault_19
D:7:      layout_cave_pools, mainiacjoe_overflow_paths,
          minmay_temple_entry_stoned_glass, uniq_harold

Skill      XL: |  1  2  3  4  5  6  7  8  9 |
---------------+----------------------------+-----
Spellcasting   | 3 4 5 6 7 8 |  8.2
Fighting       | 1 2 3 |  3.2
Stealth        | 2 |  2.5
Dodging        | 3 |  3.1
Short Blades   | |  0.1
Shields        | |  0.4

Action                   |  1- 3 |  4- 6 |  7- 9 || total
-------------------------+-------+-------+-------++-------
Melee: Unarmed           |     2 |       |       ||     2
       Short sword       |       |     1 |       ||     1
       Dagger            |       |       |     9 ||     9
 Cast: Foxfire           |   111 |   178 |    77 ||   366
       Scorch            |       |     6 |    45 ||    51
       Flame Wave        |       |       |     8 ||     8
  Use: Scroll            |       |     6 |       ||     6
Armor: Robe              |     6 |       |     7 ||    13
Dodge: Dodged            |     8 |    18 |    21 ||    47
Block: Buckler           |       |     4 |     9 ||    13

Table legend: (Time is in decaauts)
 A = Elapsed time spent in this place.
 B = Non-inter-level travel time spent in this place.
 C = Inter-level travel time spent in this place.
 D = Time resting spent in this place.
 E = Time spent auto-exploring this place.
 F = Levels seen in this place.
 G = Mean time per level.
                   A        B        C        D        E       F      G
               +--------+--------+--------+--------+--------+-----+--------+
         Total |   8536 |   8312 |    224 |      0 |   7354 |   7 | 1219.4 |
       Dungeon |   8536 |   8312 |    224 |      0 |   7354 |   7 | 1219.4 |
               +--------+--------+--------+--------+--------+-----+--------+

Top non-repeatable levels by time:
     D:1: 2317 daAuts
     D:5: 1636 daAuts
     D:2: 1321 daAuts
     D:4: 1252 daAuts
     D:6: 1110 daAuts
     D:3: 874 daAuts
     D:7: 22 daAuts
